 Dungeon Crawl Stone Soup version 0.31-a0-185-g9dded2c639 (webtiles) character file.

Game seed: 4602569356504823592

2340 qw the Skirmisher (level 9, -3/50 HPs)
             Began as a Deep Elf Hunter on June 22, 2023.
             Was a Follower of Okawaru.
             Slain by a yak (6 damage)
             ... on level 6 of the Dungeon.
             The game lasted 00:02:48 (6335 turns).

qw the Skirmisher (Deep Elf Hunter)                 Turns: 6335, Time: 00:02:48

Health: -3/50      AC: 10    Str: 12    XL:     9   Next: 19%
Magic:  14/14      EV: 21    Int: 15    God:    Okawaru [*.....]
Gold:   312        SH:  0    Dex: 18    Spells: 8/8 levels left

rFire   . . .        Y - +1 shortbow
rCold   . . .        (shield currently unavailable)
rNeg    . . .        h - +0 ring mail
rPois   .            n - +0 helmet
rElec   .            j - +0 cloak
rCorr   .            (no gloves)
SInv    .            d - +0 pair of boots
Will    .....        f - amulet of faith
Stlth   +++          c - +5 ring of evasion
HPRegen 0.28/turn    (no ring)
MPRegen 0.14/turn

%: faith
@: heroic
A: no striking features
a: Renounce Religion, Heroism


You were on level 6 of the Dungeon.
You worshipped Okawaru.
Okawaru was aware of your devotion.
You visited 2 branches of the dungeon, and saw 7 of its levels.

You collected 312 gold pieces.


   Skills:
 - Level 3.0(8.0) Fighting
 - Level 14.1(19.1) Ranged Weapons
 - Level 2.0(7.0) Armour
 + Level 4.9(9.9) Dodging
 - Level 1.2(6.2) Stealth
 - Level 4.0 Invocations


You had 8 spell levels left.
You didn't know any spells.
Your spell library was empty.

Inventory:

Hand Weapons
 Y - a +1 shortbow (weapon)
Armour
 d - a +0 pair of boots (worn)
 h - a +0 ring mail (worn)
 j - a +0 cloak (worn)
 n - a +0 helmet (worn)
Jewellery
 c - a +5 ring of evasion (left hand)
 f - an amulet of faith (around neck)
Scrolls
 a - 2 scrolls of identify
Potions
 b - 2 potions of enlightenment
 e - a potion of magic {unknown}
 g - 2 potions of might
 i - a potion of resistance
 k - a potion of cancellation
 l - a potion of ambrosia {unknown}
 m - a potion of mutation {unknown}
 o - a potion of degeneration {unknown}
 p - a potion of brilliance {unknown}
 q - a potion of curing
 r - a potion of lignification {unknown}

Dungeon Overview and Level Annotations

Branches:
Dungeon (6/15)             Temple (1/1) D:5

Altars:
Ashenzari
Cheibriados
Dithmenos
Elyvilon
Gozag
Hepliaklqana
Kikubaaqudgha
Makhleb
Nemelex Xobeh
Okawaru
Qazlal
Ru
Sif Muna
Trog
Vehumet
Wu Jian
Zin
The Shining One

Annotations:
D:3 3 runed translucent doors, qw's ghost, amateur GrFi; qw's ghost, weakling NaHu
D:5 exclusion: 9 gnoll sergeants


Message History

You shoot an arrow.
The arrow hits the yak but does no damage.
The yak closely misses you. The yak gores you!
You shoot an arrow. The arrow hits the yak!
The yak is moderately wounded.
The yak misses you. The yak completely misses you.
You shoot an arrow. The arrow hits the yak!
The yak is heavily wounded.
The yak gores you but does no damage. The yak completely misses you.
You shoot an arrow. The arrow hits the yak!
The yak is severely wounded.
You shoot an arrow. The arrow hits the yak!
You kill the yak!
Okawaru accepts your kill.
You shoot an arrow. The arrow hits the yak!
The yak is moderately wounded.
The yak misses you.
You shoot an arrow. The arrow hits the yak!
The yak is heavily wounded.
The yak gores you but does no damage. The yak barely misses you.
You shoot an arrow. The arrow hits the yak!
The yak is almost dead.
The yak barely misses you. The yak misses you.
You shoot an arrow. The arrow barely misses the yak.
You shoot an arrow.
The arrow hits the yak but does no damage.
The yak is almost dead.
The yak barely misses you. The yak gores you but does no damage.
You shoot an arrow.
The arrow hits the yak but does no damage.
The yak is almost dead.
The yak gores you but does no damage. The yak barely misses you.
You shoot an arrow. The arrow hits the yak!
The yak is almost dead.
The yak closely misses you. The yak gores you.
You shoot an arrow.
The arrow hits the yak but does no damage.
The yak is almost dead.
The yak closely misses you. The yak gores you.
You die...

#.....#<..#.### #.#..
#.###.###.#.#. #.#.#
#.#.....#.#.#. #.#.##########
#.#.#.#.#.#.#. #.............
#.#.#.#.#.#.#. ###.##########
#.#.#.#.#.#.#Y ...#
#.#.#.#.#.#.#Y #####
#.#...#...#.#Y#################
#.#########.#Y@................
#...........###################
#############


You could see 4 yaks.

Vanquished Creatures
  2 yaks (D:6)
  A water moccasin (D:5)
  An ice beast (D:6)
  A black bear (D:6)
  An orc warrior (D:5)
  An ogre (D:5)
  4 phantoms
  A kobold brigand (D:6)
  2 gnoll sergeants (D:5)
  6 scorpions
  4 wights (D:6)
  A howler monkey (D:5)
  2 hounds
  A jelly (D:6)
  2 sleepcaps
  Jessica (D:3)
  An orc wizard (D:5)
  2 iguanas (D:5)
  A mummy (D:4)
  Robin (D:3)
  10 adders
  A shadow imp (D:5)
  A white imp (D:6)
  2 ufetubi
  5 dart slugs
  2 worms
  5 orcs (D:5)
  5 bats
  8 endoplasms
  A giant cockroach (D:3)
  14 goblins
  7 hobgoblins
  12 jackals
  A quokka (D:5)
  8 ball pythons
  2 frilled lizards
  A hobgoblin zombie (D:4)
  11 kobolds
  2 kobold zombies (D:4)
  An orc zombie (D:4)
  7 rats
142 creatures vanquished.

Notes
Turn   | Place    | Note
-------+----------+-------------------------------------------
     0 | D:1      | qw the Deep Elf Hunter began the quest for the Orb.
     0 | D:1      | Reached XP level 1. HP: 12/12 MP: 3/3
     0 | D:1      | 0 ||| qw: Version: 0.3-a-9-g12657ce
     0 | D:1      | 0 ||| qw: Game counter: 1835
     0 | D:1      | 0 ||| qw: Always use a shield: true
     0 | D:1      | 0 ||| qw: God list: Okawaru
     0 | D:1      | 0 ||| qw: Allow faded altars: false
     0 | D:1      | 0 ||| qw: Do Orc after D:15 true
     0 | D:1      | 0 ||| qw: Do second Lair branch before Depths: true
     0 | D:1      | 0 ||| qw: Lair rune preference: random
     0 | D:1      | 0 ||| qw: Plans: Normal
     0 | D:1      | 0 ||| PLANNING D:1-11
   457 | D:1      | Reached skill level 6 in Ranged Weapons
   457 | D:1      | Reached XP level 2. HP: 16/16 MP: 4/4
   698 | D:1      | 698 ||| UPGRADING to +0 pair of boots.
   703 | D:1      | 703 ||| UPGRADING to +0 scale mail.
   713 | D:1      | 713 ||| DROPPING +0 leather armour.
   714 | D:1      | 714 ||| UPGRADING to +0 ring mail.
   724 | D:1      | 724 ||| DROPPING +0 scale mail.
   725 | D:1      | 725 ||| DROPPING ring of magical power.
   726 | D:1      | 726 ||| READING 2 scrolls labelled BIORRU SAMEI.
   727 | D:1      | 727 ||| DROPPING scroll of butterflies.
   736 | D:2      | 736 ||| STAIRDANCE
   826 | D:2      | Reached XP level 3. HP: 20/20 MP: 5/5
  1013 | D:2      | Reached skill level 7 in Ranged Weapons
  1118 | D:2      | HP: 5/20 [poisoned by an adder]
  1313 | D:2      | 1313 ||| UPGRADING to +0 cloak.
  1318 | D:2      | 1318 ||| READING scroll labelled CIPHEICZ COUS.
  1319 | D:2      | 1319 ||| READING scroll labelled GOBEGAIRER.
  1320 | D:2      | 1320 ||| READING 2 scrolls of identify.
  1320 | D:2      | 1320 ||| IDENTIFYING yellow potion
  1370 | D:3      | Reached XP level 4. HP: 18/25 MP: 6/6
  1370 | D:3      | 1370 ||| FLEEEEING.
  1371 | D:3      | 1371 ||| FLEEEEING.
  1373 | D:3      | 1373 ||| FLEEEEING.
  1374 | D:3      | 1374 ||| FLEEEEING.
  1376 | D:3      | 1376 ||| STAIRDANCE
  1411 | D:3      | 1411 ||| STAIRDANCE
  1698 | D:3      | Reached skill level 8 in Ranged Weapons
  1717 | D:3      | Noticed Jessica
  1723 | D:3      | Killed Jessica
  1724 | D:3      | Reached XP level 5. HP: 23/29 MP: 7/7
  1724 | D:3      | 1724 ||| FLEEEEING.
  1725 | D:3      | 1725 ||| FLEEEEING.
  1726 | D:3      | 1726 ||| FLEEEEING.
  1727 | D:3      | 1727 ||| FLEEEEING.
  1728 | D:3      | 1728 ||| FLEEEEING.
  1729 | D:3      | 1729 ||| FLEEEEING.
  1730 | D:3      | 1730 ||| FLEEEEING.
  1731 | D:3      | 1731 ||| FLEEEEING.
  1732 | D:3      | 1732 ||| FLEEEEING.
  1736 | D:3      | 1736 ||| FLEEEEING.
  1771 | D:3      | Noticed Robin
  1781 | D:3      | Killed Robin
  1782 | D:3      | 1782 ||| FLEEEEING.
  1783 | D:3      | 1783 ||| FLEEEEING.
  1784 | D:3      | 1784 ||| FLEEEEING.
  1785 | D:3      | 1785 ||| FLEEEEING.
  1786 | D:3      | 1786 ||| FLEEEEING.
  1787 | D:3      | 1787 ||| FLEEEEING.
  1788 | D:3      | 1788 ||| FLEEEEING.
  1789 | D:3      | 1789 ||| FLEEEEING.
  1790 | D:3      | 1790 ||| FLEEEEING.
  1791 | D:3      | 1791 ||| FLEEEEING.
  1792 | D:3      | 1792 ||| FLEEEEING.
  1793 | D:3      | 1793 ||| FLEEEEING.
  1794 | D:3      | 1794 ||| FLEEEEING.
  1795 | D:3      | 1795 ||| FLEEEEING.
  1796 | D:3      | 1796 ||| FLEEEEING.
  1797 | D:3      | 1797 ||| FLEEEEING.
  1798 | D:3      | 1798 ||| FLEEEEING.
  1799 | D:3      | 1799 ||| FLEEEEING.
  1800 | D:3      | 1800 ||| FLEEEEING.
  1801 | D:3      | 1801 ||| FLEEEEING.
  1802 | D:3      | 1802 ||| FLEEEEING.
  1803 | D:3      | 1803 ||| FLEEEEING.
  1804 | D:3      | 1804 ||| FLEEEEING.
  2058 | D:3      | Found a runed translucent gate.
  2058 | D:3      | Found a runed translucent gate.
  2062 | D:3      | Found a runed translucent gate.
  2063 | D:3      | Noticed qw's ghost (amateur GrFi)
  2063 | D:3      | Noticed qw's ghost (weakling NaHu)
  2252 | D:3      | 2252 ||| UPGRADING to +0 helmet.
  2257 | D:3      | 2257 ||| UPGRADING to +5 ring of evasion.
  2258 | D:3      | 2258 ||| READING scroll labelled TAENAR XU XEY.
  2297 | D:3      | 2297 ||| READING scroll labelled QIUCOK AGEUQUHUARPH.
  2298 | D:3      | 2298 ||| READING 3 scrolls labelled BOUSIE LITWA.
  2299 | D:3      | 2299 ||| DRINKING 2 dark potions.
  2300 | D:3      | 2300 ||| READING 3 scrolls of identify.
  2300 | D:3      | 2300 ||| IDENTIFYING murky sapphire potion
  2301 | D:3      | 2301 ||| READING 2 scrolls of identify.
  2301 | D:3      | 2301 ||| IDENTIFYING purple potion
  2302 | D:3      | 2302 ||| DROPPING potion of invisibility.
  2303 | D:3      | 2303 ||| DROPPING potion of attraction.
  2304 | D:3      | 2304 ||| DROPPING 2 scrolls of vulnerability.
  2557 | D:4      | Noticed a phantom
  2568 | D:4      | Killed a phantom
  2613 | D:4      | Found a shadowy altar of Dithmenos.
  2733 | D:4      | Reached XP level 6. HP: 30/34 MP: 8/8
  2901 | D:4      | Reached skill level 9 in Ranged Weapons
  3317 | D:4      | 3317 ||| READING scroll labelled SYORPH JO UDGHIU.
  3358 | D:5      | Entered Level 5 of the Dungeon
  3452 | D:5      | Found a staircase to the Ecumenical Temple.
  3453 | D:5      | 3453 ||| PLANNING TEMPLE
  3559 | Temple   | Entered the Ecumenical Temple
  3574 | Temple   | 3574 ||| PLANNING OKAWARU WORSHIP
  3739 | Temple   | Became a worshipper of Warmaster Okawaru
  3740 | Temple   | 3740 ||| PLANNING D:1-11
  3786 | D:5      | Reached skill level 10 in Ranged Weapons
  3786 | D:5      | Reached XP level 7. HP: 14/40 MP: 9/9
  3911 | D:5      | Reached skill level 3 in Dodging
  3998 | D:5      | 3998 ||| DRINKING 2 cyan potions.
  4015 | D:5      | HP: 6/40 [gnoll sergeant/+2 antimagic trident (5)]
  4293 | D:5      | Reached skill level 11 in Ranged Weapons
  4409 | D:5      | Reached * piety under Okawaru
  4493 | D:5      | 4493 ||| INVOKING Heroism.
  4589 | D:5      | Reached skill level 1 in Invocations
  4732 | D:5      | Reached skill level 12 in Ranged Weapons
  4732 | D:5      | Reached XP level 8. HP: 44/44 MP: 9/11
  4849 | D:5      | 4849 ||| INVOKING Heroism.
  4851 | D:5      | 4851 ||| DRINKING potion of curing.
  4851 | D:5      | 4851 ||| (to cure confusion)
  4856 | D:5      | 4856 ||| Stepping ~*~*~tactically~*~*~ (outnumbered).
  4858 | D:5      | 4858 ||| Stepping ~*~*~tactically~*~*~ (outnumbered).
  4864 | D:5      | 4864 ||| INVOKING Heroism.
  4877 | D:5      | 4877 ||| INVOKING Heroism.
  4880 | D:5      | Reached skill level 3 in Invocations
  4890 | D:5      | Reached skill level 3 in Fighting
  5230 | D:5      | 5230 ||| UPGRADING to amulet of faith.
  5235 | D:5      | 5235 ||| READING scroll labelled POLAUT MOCE.
  5236 | D:5      | 5236 ||| READING scroll labelled BYRRYNT KEGYIQER.
  5237 | D:5      | 5237 ||| READING scroll labelled FUSMONILOE.
  5238 | D:5      | 5238 ||| DRINKING 2 bubbling green potions.
  5483 | D:6      | 5483 ||| INVOKING Heroism.
  5683 | D:6      | 5683 ||| INVOKING Heroism.
  5690 | D:6      | HP: 10/46 [hound (3)]
  5912 | D:6      | 5912 ||| INVOKING Heroism.
  5919 | D:6      | Reached skill level 13 in Ranged Weapons
  6011 | D:6      | 6011 ||| INVOKING Heroism.
  6110 | D:6      | 6110 ||| INVOKING Heroism.
  6119 | D:6      | Reached XP level 9. HP: 36/50 MP: 12/14
  6318 | D:6      | 6318 ||| INVOKING Heroism.
  6323 | D:6      | Reached skill level 14 in Ranged Weapons
  6323 | D:6      | HP: 3/50 [yak (12)]
  6334 | D:6      | HP: 3/50 [yak (3)]
  6335 | D:6      | Slain by a yak

Levels and vault maps discovered:
D:1:      amcnicky_arrival_underground_garden, layout_loops_cross,
          chequers_serial_rivers_large_b
D:2:      layout_basic, st_stairs_1, minmay_tetromino_l2
D:3:      layout_basic, gammafunk_ghost_cemetery, uniq_robin, uniq_jessica
D:4:      layout_basic, nicolae_dithmenos_the_darkroom, minmay_mini_ossuary
D:5:      minmay_bubble_buster, layout_loops_corners, temple_statues
D:6:      layout_basic
Temple:   nicolae_temple_bog_church

Skill      XL: |  1  2  3  4  5  6  7  8  9 |
---------------+----------------------------+-----
Ranged Weapons | 6 7 8 10 12 13 14 | 14.1
Armour         | 2 |  2.0
Fighting       | 2 3 |  3.0
Dodging        | 3 4 |  4.9
Invocations    | 1 4 |  4.0
Stealth        | |  1.2

Action                     |  1- 3 |  4- 6 |  7- 9 || total
---------------------------+-------+-------+-------++-------
   Fire: Shortbow          |    83 |   222 |   351 ||   656
 Invoke: Heroism           |       |       |    10 ||    10
    Use: Scroll            |     4 |     6 |     3 ||    13
         Potion            |       |     1 |     3 ||     4
 Armour: Leather armour    |     3 |       |       ||     3
         Ring mail         |     7 |    31 |    49 ||    87
  Dodge: Dodged            |    21 |    69 |   232 ||   322

Table legend:
 A = Non-vault XP
 B = Vault XP
 C = Vault XP percentage of total XP
 D = Non-vault monster count
 E = Vault monster count
 F = Vault count percentage of total count
                 A         B        C        D         E       F
            +---------+---------+-------+---------+---------+-------
      Total |    2796 |     547 |  16.4 |     112 |      30 |  21.1
            +---------+---------+-------+---------+---------+-------
        D:1 |      21 |       0 |   0.0 |      12 |       0 |   0.0
        D:2 |      58 |      17 |  22.7 |      17 |       3 |  15.0
        D:3 |      75 |      75 |  50.0 |      23 |      14 |  37.8
        D:4 |     177 |      22 |  11.1 |      17 |       5 |  22.7
        D:5 |     919 |     433 |  32.0 |      19 |       8 |  29.6
        D:6 |    1546 |       0 |   0.0 |      24 |       0 |   0.0
            +---------+---------+-------+---------+---------+-------
